 Dungeon Crawl Stone Soup version 0.32-a0-558-g233958a4c4 (webtiles) character file.

Game seed: 8156309827450098780

59 Sobieck the Digger (level 3, -1/26 HPs)
             Began as a Mountain Dwarf Earth Elementalist on Feb 29, 2024.
             Slain by an ice beast (12 damage)
             ... on level 3 of the Dungeon.
             The game lasted 00:02:04 (2014 turns).

Sobieck the Digger (MDEE)                           Turns: 2014, Time: 00:02:04

Health: -1/26      AC:  2    Str: 10    XL:     3   Next: 78%
Magic:  3/6        EV: 11    Int: 17    God:
Gold:   64         SH:  0    Dex: 10    Spells: 2/6 levels left

rFire   . . .        e - +0 short sword
rCold   . . .        (no shield)
rNeg    . . .        a - +0 robe
rPois   .            (no helmet)
rElec   .            (no cloak)
rCorr   .            (no gloves)
SInv    .            (no boots)
Will    .....        (no amulet)
Stlth   ++           (no ring)
HPRegen 0.24/turn    (no ring)
MPRegen 0.10/turn

%: no passive effects
@: no status effects
A: runic magic, artefact enchanting
a: no special abilities


You were on level 3 of the Dungeon.
You visited 1 branch of the dungeon, and saw 3 of its levels.

You collected 64 gold pieces.

Inventory:

Hand Weapons
 e - a +0 short sword (weapon)
Missiles
 F - 5 curare-tipped darts
Armour
 a - a +0 robe (worn)
 k - a +0 cloak
Jewellery
 i - an amulet of guardian spirit
Scrolls
 c - 3 scrolls of identify {unknown}
 f - a scroll of fog {unknown}
 g - a scroll of noise {unknown}
 h - a scroll of amnesia {unknown}
Potions
 b - a potion of magic
 d - a potion of brilliance {unknown}
 j - a potion of curing {unknown}


   Skills:
 - Level 1.3 Dodging
 - Level 1.4 Stealth
 + Level 2.4 Spellcasting
 - Level 0.8 Conjurations
 * Level 4.7 Earth Magic


You had 2 spell levels left.
You knew the following spells:

 Your Spells              Type           Power      Damage    Failure   Level
a - Sandblast             Erth           36%        2d10      2%          1
b - Stone Arrow           Conj/Erth      22%        3d8       19%         3

Your spell library contained the following spells:

 Spells                   Type           Power      Damage    Failure   Level
 Ensorcelled Hibernation  Hex/Ice        4%         N/A       28%         2
 Passwall                 Erth           18%        N/A       9%          3
 Swiftness                Air            2%         N/A       50%         3
 Brom's Barrelling Bould  Conj/Erth      11%        2d3       52%         4
 Petrify                  Alch/Erth      10%        N/A       56%         4


Dungeon Overview and Level Annotations

Branches:
Dungeon (3/15)

Altars:
Xom
The Shining One


Innate Abilities, Weirdness & Mutations

Your spellcasting is much less encumbered by armour.
You can use scrolls of enchantment on lesser artefacts.


Message History

An adder is nearby!
Unknown command.
Unknown command.
Unknown command.
The blast of sand hits the adder!
You kill the adder!
You can't see any susceptible monsters within range! (Use Z to cast anyway.)
You can't see any susceptible monsters within range! (Use Z to cast anyway.) Magic restored.
Found a leather armour.
k - a +0 cloak You open the door.
A bat comes into view.
Found a shimmering altar of Xom.
A bat is nearby!
The bat barely misses you.
There is an open door here.
The blast of sand hits the bat!
You kill the bat!
You can't see any susceptible monsters within range! (Use Z to cast anyway.)
An ice beast comes into view.
An ice beast is nearby!
Unknown command.
Unknown command.
Casting: Sandblast (safe; 2% risk of failure)
Confirm with . or Enter, or press ? or * to list all spells.
Okay, then.
Casting: Stone Arrow (quite dangerous; 19% risk of failure)
Confirm with . or Enter, or press ? or * to list all spells.
Okay, then.
Unknown command.
The blast of sand hits the ice beast.
The ice beast is lightly wounded.
The blast of sand misses the ice beast.
The ice beast hits you but does no damage.
The ice beast closely misses you.
The blast of sand hits the ice beast but does no damage.
The ice beast is lightly wounded.
The ice beast hits you. The ice beast freezes you!
* * * LOW HITPOINT WARNING * * *
Unknown command.
You are too injured to fight recklessly!
Unknown command.
Okay, then.
Unknown command.
The ice beast attacks as it pursues you!
The ice beast hits you.
* * * LOW HITPOINT WARNING * * *
The ice beast freezes you!
You die...

############
..........<# #
#......#.##.##.#
...#####.###<.....#
._.....'..#.##†.....
...#####...## #####
#..[.@..#
.....##Y#### ... #.#
# ... ##... ####. .#
#


You could see an ice beast.

Vanquished Creatures
  2 adders
  4 bats
  2 endoplasms (D:1)
  2 giant cockroaches (D:2)
  4 hobgoblins
  5 jackals (D:1)
  A quokka (D:2)
  5 ball pythons
  5 frilled lizards
  2 goblins
  3 kobolds
  5 rats
40 creatures vanquished.

Notes
Turn   | Place    | Note
-------+----------+-------------------------------------------
     0 | D:1      | Sobieck the Mountain Dwarf Earth Elementalist began the
                  | quest for the Orb.
     0 | D:1      | Reached XP level 1. HP: 14/14 MP: 3/3
   249 | D:1      | Reached XP level 2. HP: 20/20 MP: 0/5
   336 | D:1      | Found a faded altar of an unknown god.
   497 | D:1      | Reached skill level 4 in Earth Magic
  1167 | D:2      | Reached XP level 3. HP: 23/26 MP: 3/6
  1175 | D:1      | Learned a level 3 spell: Stone Arrow
  1275 | D:2      | Found a glowing golden altar of the Shining One.
  1997 | D:3      | Found a shimmering altar of Xom.
  2010 | D:3      | Noticed an ice beast
  2014 | D:3      | Slain by an ice beast

Illustrated notes

Levels and vault maps discovered:
D:1:      dpeg_arrival_water_fire, layout_loops_ring,
          ebering_ecumenical_altar_abandoned
D:2:      layout_basic, basic_altar, minmay_misc_feat_rows,
          chequers_serial_rivers_micro_a, kennysheep_generic_room_3
D:3:      layout_loops_cross, mainiacjoe_overflow_surrounded_room, serial_shops,
          shop

Skill      XL: |  1  2 |
---------------+-------+-----
Spellcasting   | 2 |  2.4
Earth Magic    | 4 |  4.7
Dodging        | |  1.3
Stealth        | |  1.4
Conjurations   | |  0.8

Action                     || total
---------------------------++-------
  Melee: Short sword       ||    12
         Unarmed           ||     8
   Cast: Sandblast         ||    60
 Armour: Robe              ||    27
  Dodge: Dodged            ||    26

Table legend: (Time is in decaauts)
 A = Elapsed time spent in this place.
 B = Non-inter-level travel time spent in this place.
 C = Inter-level travel time spent in this place.
 D = Time resting spent in this place.
 E = Time spent auto-exploring this place.
 F = Levels seen in this place.
 G = Mean time per level.
                   A        B        C        D        E       F      G
               +--------+--------+--------+--------+--------+-----+--------+
         Total |   2045 |   2017 |     28 |     82 |   1679 |   3 |  681.7 |
       Dungeon |   2045 |   2017 |     28 |     82 |   1679 |   3 |  681.7 |
               +--------+--------+--------+--------+--------+-----+--------+

Top non-repeatable levels by time:
     D:1: 1223 daAuts
     D:2: 782 daAuts
     D:3: 39 daAuts
